 Dungeon Sprint DCSS version 0.31-a0-931-g7b59d4eb97 (webtiles) character file.

Game seed: 5992685222222570117

748 dialectric the Protected (level 7, 0/53 HPs)
             Began as a Gargoyle Fighter on Oct 20, 2023.
             Engulfed by a cloud of freezing vapour (20 damage)
             ... in the Dungeon (Sprint II: "The Violet Keep of Menkaure").
             The game lasted 00:00:47 (89 turns).

dialectric the Protected (Gargoyle Fighter)           Turns: 89, Time: 00:00:48

Health: 0/53       AC: 13    Str: 22    XL:     7   Next: 77%
Magic:  7/7        EV: 10    Int:  8    God:
Gold:   243        SH:  0    Dex:  9    Spells: 6/6 levels left

rFire   . . .        a - +0 flail
rCold   . . .        (no shield)
rNeg    + . .        b - +0 scale mail
rPois   ∞            (no helmet)
rElec   +            (no cloak)
rCorr   .            (no gloves)
SInv    .            (no boots)
Will    .....        (no amulet) Stlth
                     (no ring)
HPRegen 0.28/turn    (no ring)
MPRegen 0.10/turn

%: no teleportation
@: no status effects
A: sickness immunity, AC +4, negative energy resistance 1, electricity
resistance, torment resistance 1, petrification resistance
a: no special abilities


You were in the Dungeon.
You visited 1 branch You collected 243 gold pieces.

Inventory:

Hand Weapons
 a - a +0 flail (weapon)
Armour
 b - a +0 scale mail (worn)
 c - a +0 buckler
Scrolls
 j - a scroll of blinking
Potions
 e - a potion of curing
 f - a potion of heal wounds
 g - a potion of haste
 h - 2 potions of magic
 i - a potion of berserk rage


   Skills:
 + Level 10.6 Fighting
 * Level 9.8 Maces & Flails
 + Level 10.7 Armour
 + Level 2.3 Dodging
 - Level 3.2 Shields


You had 6 spell levels left.
You didn't know any spells.
Your spell library was empty.

Dungeon Overview and Level Annotations

Branches:
Dungeon (1/1)

Altars:


Innate Abilities, Weirdness & Mutations

You are immune to sickness and miasma.
Your stone body is resilient. (AC +4)
You are immune to poison.
You resist negative energy. (rN+)
You are resistant to electric shocks. (rElec)
You are resistant to unholy torment.
You are immune to petrification.


Message History

You barely miss the water moccasin.
The water moccasin is almost dead.
The water moccasin barely misses you.
You miss the water moccasin.
The water moccasin is almost dead.
The water moccasin bites you but does no damage.
You miss the water moccasin.
The water moccasin is almost dead.
The water moccasin bites you. x2
You barely miss the water moccasin.
The water moccasin is almost dead.
The water moccasin bites you but does no damage.
You barely miss the water moccasin.
The water moccasin is almost dead.
The water moccasin bites you but does no damage.
You barely miss the water moccasin.
The water moccasin is almost dead.
The water moccasin closely misses you. x2
You barely miss the water moccasin.
The water moccasin is almost dead.
The water moccasin bites you but does no damage.
You sock the water moccasin!
You kill the water moccasin!
A neqoxec comes into view.
The neqoxec shouts!
You open the gate.
The ice statue gestures.
The neqoxec gestures at you.
Something tries to feed on your intellect!
There is an open door here.
You hit the neqoxec.
The neqoxec is lightly wounded.
The neqoxec hits you.
You sock the neqoxec!
The neqoxec is severely wounded.
You are engulfed in freezing vapours.
You closely miss the neqoxec.
The neqoxec is severely wounded.
You are engulfed in freezing vapours.
You die...

##....°°.##
##°°°○...○.##
+..○.○8°°...#
#.○.°..○..
#.°○...
##~~#'○°#+++##
#~~~....Y....#
#~~~~.##3##..#
#~~~~###@○##
#~~~ #.##°.#
#~~## #.#.####
#~##. #'###.#
# #..###.##.#
#$†.<.'##
#.†###.### ##.
#+# ##


You could see an ice statue, a neqoxec and an ice beast (summoned).

Vanquished Creatures
  3 neqoxecs (D)
  A water moccasin (D)
  4 scorpions (D)
  3 worms (D)
11 creatures vanquished.

Notes
Turn   | Place    | Note
-------+----------+-------------------------------------------
     0 | D        | dialectric the Gargoyle Fighter began the quest for the
                  | Orb.
     0 | D        | Reached XP level 1. HP: 14/14 MP: 1/1
     8 | D        | Noticed a scorpion
     8 | D        | Noticed a scorpion
    15 | D        | Killed a scorpion
    16 | D        | Reached skill level 5 in Fighting
    16 | D        | Reached skill level 5 in Armour
    16 | D        | Reached XP level 2. HP: 21/22 MP: 2/2
    16 | D        | Reached XP level 3. HP: 26/27 MP: 3/3
    19 | D        | Killed a scorpion
    20 | D        | Reached skill level 5 in Maces & Flails
    20 | D        | Reached XP level 4. HP: 28/32 MP: 4/4
    21 | D        | Noticed a scorpion
    21 | D        | Noticed a scorpion
    24 | D        | Killed a scorpion
    25 | D        | Reached skill level 1 in Dodging
    25 | D        | Reached XP level 5. HP: 27/39 MP: 5/5
    27 | D        | Reached XP level 6. HP: 32/45 MP: 6/6
    31 | D        | Noticed a neqoxec
    36 | D        | Noticed a neqoxec
    38 | D        | Killed a neqoxec
    39 | D        | Noticed a neqoxec
    44 | D        | Killed a neqoxec
    45 | D        | Reached skill level 10 in Armour
    45 | D        | Reached XP level 7. HP: 43/52 MP: 7/7
    52 | D        | Killed a neqoxec
    53 | D        | Reached skill level 10 in Fighting
    69 | D        | Noticed an ice statue
    83 | D        | Noticed a neqoxec
    89 | D        | Engulfed by a cloud of freezing vapour

Illustrated notes

Levels and vault maps discovered:
D:        the_violet_keep_of_menkaure [sprint2_stairs_cluster_1,
          sprint2_shoproom, sprint2_temple, sprint2_basic_supplies,
          sprint2_obstacle_5, sprint2_obstacle_3, sprint2_obstacle_2,
          sprint2_obstacle_6, sprint2_obstacle_1, sprint2_timed_cluster_1,
          sprint2_smallroom_cluster_1, sprint2_smallroom_final_cluster_1,
          sprint2_transparent_cluster_1, sprint2_second_timed_cluster_1,
          sprint2_sniper_area_1, sprint2_heavy_combat_area_1,
          sprint2_mutation_trap_area_1, sprint2_forest_area_1,
          sprint2_light_combat_area_1, sprint2_behind_water_1,
          sprint2_near_end_vault_1]

Skill      XL: |  1  2  3  4  5  6  7 |
---------------+----------------------+-----
Fighting       | 5 6 7 8 9 10 | 10.6
Maces & Flails | 4 5 6 8 9 |  9.8
Armour         | 5 6 7 8 10 | 10.7
Dodging        | 1 2 |  2.3
Shields        | |  3.2

Action                     |  1- 3 |  4- 6 |  7- 9 || total
---------------------------+-------+-------+-------++-------
  Melee: Flail             |    10 |    16 |    28 ||    54
    Use: Potion            |     1 |       |       ||     1
 Armour: Scale mail        |     9 |     7 |    15 ||    31
  Dodge: Dodged            |     4 |     9 |    11 ||    24

Table legend: (Time is in decaauts)
 A = Elapsed time spent in this place.
 B = Non-inter-level travel time spent in this place.
 C = Inter-level travel time spent in this place.
 D = Time resting spent in this place.
 E = Time spent auto-exploring this place.
 F = Levels seen in this place.
 G = Mean time per level.
                   A        B        C        D        E       F      G
               +--------+--------+--------+--------+--------+-----+--------+
         Total |     91 |     91 |      0 |      0 |      0 |   1 |   91.0 |
       Dungeon |     91 |     91 |      0 |      0 |      0 |   1 |   91.0 |
               +--------+--------+--------+--------+--------+-----+--------+

Top non-repeatable levels by time:
       D: 91 daAuts
